 Dungeon Crawl Stone Soup version 0.20.1-1-g8b1a95d (webtiles) character file.

6937 0gre the Basher (level 10, -2/90 HPs)
             Began as a Minotaur Berserker on Sept 30, 2017.
             Was a High Priest of Trog.
             Killed from afar by an electric eel (14 damage)
             ... with a bolt of electricity
             ... on level 10 of the Dungeon.
             The game lasted 00:36:39 (8355 turns).

0gre the Basher (Minotaur Berserker)                Turns: 8355, Time: 00:36:39

Health: -2/90      AC: 12    Str: 24    XL:     10   Next: 80%
Magic:  10/10      EV: 15    Int:  4    God:    Trog [*****.]
Gold:   616        SH:  0    Dex: 13    Spells: 9/9 levels left

rFire    . . .     SeeInvis .   a - +3 flail
rCold    . . .     Gourm    .   (no shield)
rNeg     . . .     Faith    .   l - +0 ring mail
rPois    .         Spirit   .   (helmet restricted)
rElec    .         Reflect  .   (no cloak)
rCorr    .         Harm     .   (no gloves)
MR       +....     Clarity  +   x - +1 pair of boots (curse)
Stlth    +.........             (no amulet)
Regen    0.3/turn               z - +1 ring of evasion
MPRegen  0.2/turn               E - +3 ring of protection

@: about to teleport, berserk cooldown, slowed, drained, very slow
A: retaliatory headbutt, horns 2, rugged brown scales 1, clarity, magic
resistance 1, strong 1
a: Berserk, Trog's Hand, Brothers in Arms, Burn Spellbooks, Renounce Religion


You were on level 10 of the Dungeon.
You worshipped Trog.
Trog was extremely pleased with you.
You were very hungry.

You visited 1 branch of the dungeon, and saw 10 of its levels.

You collected 616 gold pieces.

Inventory:

Hand Weapons
 a - a +3 flail (weapon)
 b - a +2 mace of holy wrath
 c - a +4 mace
Missiles
 f - 183 stones (quivered)
Armour
 l - a +0 ring mail (worn)
 x - a cursed +1 pair of boots (worn)
Jewellery
 g - an uncursed ring of resist corrosion
 h - an uncursed ring of see invisible
 i - an uncursed ring of magical power
 k - an uncursed ring of protection from fire
 t - a +4 ring of intelligence
 z - a +1 ring of evasion (left hand)
 E - a +3 ring of protection (right hand)
Wands
 e - a wand of flame (0/48)
 G - a wand of digging (7/24)
 J - a wand of paralysis (5/24)
Scrolls
 p - 4 scrolls of fog
 q - 2 scrolls of teleportation
 s - 2 scrolls of magic mapping
 v - 7 scrolls of remove curse
 B - a scroll of fear
 D - 2 scrolls of blinking
Potions
 n - 2 potions of resistance
 r - a potion of ambrosia
 u - 5 potions of might
 w - a potion of flight {unknown}
 y - 4 potions of invisibility
 A - a potion of haste {unknown}
 C - 5 potions of curing
 H - a potion of brilliance {unknown}
Books
 j - a book of Debilitation

   Spells                             Type                      Level
   a - Corona                         Hexes                        1
   b - Slow                           Hexes                        2
   c - Inner Flame                    Hexes/Fire                   3
   d - Portal Projectile              Hexes/Translocation          3
   e - Cause Fear                     Hexes                        4
   f - Leda's Liquefaction            Hexes/Earth                  4
   Trog disapproves of the use of such an item.
 I - a book of Flames

   Spells                             Type                      Level
   a - Flame Tongue                   Conjuration/Fire             1
   b - Throw Flame                    Conjuration/Fire             2
   c - Conjure Flame                  Conjuration/Fire             3
   d - Inner Flame                    Hexes/Fire                   3
   e - Sticky Flame                   Conjuration/Fire             4
   f - Fireball                       Conjuration/Fire             5
   Trog disapproves of the use of such an item.
Comestibles
 d - 6 bread rations
 m - 10 meat rations
 o - 8 fruits
 F - a royal jelly


   Skills:
 + Level 8.1(7.8) Fighting
 + Level 11.8(11.5) Maces & Flails
 * Level 8.5(8.2) Throwing
 + Level 7.2(7.0) Armour
 + Level 6.7(6.4) Dodging
 * Level 2.5(2.3) Evocations


You had 9 spell levels left.
You didn't know any spells.

Dungeon Overview and Level Annotations

Branches:
Dungeon (10/15)            Temple (0/1) D:5
   Lair: D:8-11         Orc: D:9-12

Altars:
Ashenzari
Dithmenos
Fedhas
Gozag
Kikubaaqudgha
Makhleb
Qazlal
Ru
Sif Muna
Trog
Vehumet
Zin


Innate Abilities, Weirdness & Mutations

You reflexively headbutt those who attack you in melee.
You have a pair of horns on your head.
You are partially covered in rugged brown scales. (AC +1, +3% HP)
You possess an exceptional clarity of mind.
You are resistant to hostile enchantments. (MR+)
Your muscles are strong. (Str +2)


Message History

The bolt of electricity hits the plant.
The bolt of electricity hits you!
* * * LOW HITPOINT WARNING * * *
The orc priest closely misses you.
The orc wizard hits the plant but does no damage.
You hit the orc priest. Your headbutt misses the orc priest.
The orc priest is moderately wounded.
The orc wizard gestures at you while chanting.
The puff of flame hits you!
* * * LOW HITPOINT WARNING * * *
The orc priest hits you but does no damage.
You feel drained.
As you read the scroll of teleportation, it crumbles to dust.
You feel strangely unstable.
The orc wizard gestures at you while chanting.
The puff of flame hits you!
* * * LOW HITPOINT WARNING * * *
The orc priest misses you.
The electric eel shoots out a bolt of lightning at you!
The bolt of electricity hits the plant.
The bolt of electricity hits you!
You die...

#.# #####.###
###♣≈≈≈≈≈≈≈≈ #.......#
#.♣≈;≈≈≈≈≈≈≈ #.......#
#..♣PP≈≈≈PoP #.......#
#...≈♣♣PP... #.......#
#...........
#.......####...........
#..........#...((....≈.
#.......##.)...@o..≈≈≈≈
##.#########........≈≈P
#..# #<........♣♣ #.##
####+###### #.# #># #.#
##'##### #...<..#


You could see an electric eel, an orc priest and an orc wizard.

Vanquished Creatures
  A two-headed ogre (D:10)
  3 skeletal warriors (D:7)
  An ice statue (D:8)
  Grinder (D:6)
  A hippogriff (D:8)
  A wyvern (D:8)
  3 yaks (D:9)
  A sky beast (D:8)
  3 ice beasts
  A black bear (D:7)
  An orc warrior (D:9)
  6 ogres
  A phantom (D:7)
  A centaur (D:5)
  2 big kobolds
  10 bullfrogs
  2 scorpions (D:8)
  5 killer bees (D:7)
  4 wights (D:7)
  3 crimson imps
  4 hounds
  2 bullfrog zombies
  3 orc wizards
  2 centaur skeletons
  A gnoll shaman (D:4)
  2 orc priests
  An iguana (D:4)
  3 worker ants
  A hound zombie (D:8)
  2 hound skeletons
  8 adders
  4 gnolls (D:4)
  A shadow imp (D:7)
  An ooze (D:1)
  2 adder skeletons
  3 dart slugs (D:1)
  6 leopard geckos
  18 orcs
  3 ball pythons
  8 bats
  5 giant cockroaches
  14 goblins
  11 hobgoblins
  6 jackals (D:2)
  3 quokkas
  5 frilled lizards
  A jackal zombie (D:8)
  17 kobolds
  20 rats
208 creatures vanquished.

Notes
Turn   | Place    | Note
-------+----------+-------------------------------------------
     0 | D:1      | 0gre the Minotaur Berserker began the quest for the Orb.
     0 | D:1      | Reached XP level 1. HP: 19/19 MP: 0/0
   107 | D:1      | Reached XP level 2. HP: 25/27 MP: 1/1
   155 | D:1      | Reached skill level 4 in Maces & Flails
   389 | D:1      | Reached XP level 3. HP: 33/33 MP: 2/2
   434 | D:1      | Reached ** piety under Trog
   971 | D:2      | Found a faded altar of an unknown god.
  1019 | D:2      | Reached skill level 1 in Throwing
  1431 | D:2      | Gained mutation: You are resistant to hostile enchantments. (MR+) [potion of mutation]
  1431 | D:2      | Gained mutation: You are partially covered in rugged brown scales. (AC +1, +3% HP) [potion of mutation]
  1431 | D:2      | Gained mutation: Your muscles are strong. (Str +2) [potion of mutation]
  1431 | D:2      | Gained mutation: You possess an exceptional clarity of mind. [potion of mutation]
  1509 | D:2      | Reached XP level 4. HP: 42/42 MP: 3/3
  1889 | D:3      | Found an ancient bone altar of Kikubaaqudgha.
  2162 | D:3      | Reached *** piety under Trog
  2311 | D:4      | Reached skill level 5 in Maces & Flails
  2313 | D:4      | Reached XP level 5. HP: 48/48 MP: 4/4
  2404 | D:4      | Noticed an ogre
  2409 | D:4      | Killed an ogre
  2409 | D:4      | Reached XP level 6. HP: 39/56 MP: 5/5
  2608 | D:4      | Reached skill level 6 in Maces & Flails
  2637 | D:4      | Found a blossoming altar of Fedhas.
  3001 | D:5      | Entered Level 5 of the Dungeon
  3052 | D:5      | Noticed an ice beast
  3061 | D:5      | Killed an ice beast
  3086 | D:5      | Found a sacrificial altar of Ru.
  3095 | D:5      | Reached XP level 7. HP: 58/61 MP: 6/6
  3112 | D:5      | Found a shadowy altar of Dithmenos.
  3166 | D:5      | Found a deep blue altar of Sif Muna.
  3295 | D:5      | Found a staircase to the Ecumenical Temple.
  3462 | D:5      | Reached skill level 5 in Fighting
  3760 | D:5      | Found a bloodstained altar of Trog.
  3776 | D:5      | Reached skill level 7 in Maces & Flails
  3791 | D:5      | Found an opulent altar of Gozag.
  3792 | D:5      | Found a glowing silver altar of Zin.
  4098 | D:6      | Reached **** piety under Trog
  4211 | D:6      | Noticed Grinder
  4227 | D:6      | Killed Grinder
  4227 | D:6      | Reached XP level 8. HP: 70/70 MP: 7/7
  4372 | D:6      | Received a gift from Trog
  4445 | D:6      | Reached skill level 8 in Maces & Flails
  4917 | D:7      | Found a shattered altar of Ashenzari.
  4935 | D:7      | Reached skill level 5 in Throwing
  4941 | D:7      | Reached skill level 5 in Armour
  5225 | D:7      | Received a gift from Trog
  5359 | D:7      | Reached skill level 5 in Dodging
  5384 | D:7      | Noticed a skeletal warrior
  5385 | D:7      | Noticed a skeletal warrior
  5385 | D:7      | Noticed a skeletal warrior
  5400 | D:7      | Killed a skeletal warrior
  5400 | D:7      | Reached skill level 9 in Maces & Flails
  5400 | D:7      | Reached XP level 9. HP: 62/77 MP: 8/8
  5405 | D:7      | Killed a skeletal warrior
  5405 | D:7      | Reached skill level 10 in Maces & Flails
  5410 | D:7      | Killed a skeletal warrior
  6165 | D:8      | Found a stormy altar of Qazlal.
  6192 | D:8      | Reached XP level 10. HP: 77/88 MP: 9/9
  6219 | D:8      | Reached skill level 11 in Maces & Flails
  6825 | D:8      | Reached skill level 1 in Evocations
  6849 | D:8      | Noticed an ice statue
  6954 | D:8      | Killed an ice statue
  7046 | D:9      | Found a radiant altar of Vehumet.
  7047 | D:9      | Found a burning altar of Makhleb.
  7499 | D:9      | Reached ***** piety under Trog
  7944 | D:9      | Got a shimmering rapier
  7945 | D:9      | Identified the +7 rapier of Conservatism {speed, Int+7} (You found it on level 9 of the Dungeon)
  8297 | D:10     | Entered Level 10 of the Dungeon
  8331 | D:10     | Noticed a two-headed ogre
  8346 | D:10     | Killed a two-headed ogre
  8355 | D:10     | Killed from afar by an electric eel

Skill      XL: |  1  2  3  4  5  6  7  8  9 10 |
---------------+-------------------------------+-----
Maces & Flails | 4 5 6 7 9 10 11 | 11.8
Fighting       | 4 5 6 7 8 |  8.1
Throwing       | 1 2 3 4 5 6 8 |  8.5
Dodging        | 3 4 5 6 |  6.7
Armour         | 3 4 5 6 7 |  7.2
Evocations     | 2 |  2.5

Action                   |  1- 3 |  4- 6 |  7- 9 | 10-12 || total
-------------------------+-------+-------+-------+-------++-------
Melee: Mace              |    91 |    43 |   111 |     7 ||   252
       Headbutt          |    13 |    14 |    37 |    43 ||   107
       Flail             |       |    38 |    49 |   155 ||   242
Throw: Stone             |     4 |    41 |    32 |    96 ||   173
       Tomahawk          |       |       |       |     4 ||     4
Invok: Berserk           |       |     1 |     1 |     1 ||     3
       Burn Spellbooks   |       |       |     2 |     1 ||     3
Evoke: Wand              |       |       |       |     3 ||     3
  Use: Scroll            |     6 |     6 |     9 |     3 ||    24
       Potion            |     1 |       |       |       ||     1
 Stab: Sleeping          |     1 |     1 |       |       ||     2
  Eat: Chunk             |     2 |     5 |     9 |     7 ||    23
       Royal jelly       |       |       |     1 |       ||     1
Armor: Animal skin       |     3 |       |       |       ||     3
       Robe              |     3 |     3 |       |       ||     6
       Ring mail         |       |    18 |    47 |    50 ||   115
Dodge: Dodged            |    48 |    60 |    80 |    93 ||   281
